cohdb
Replays
Latest Replays
All Replays
Popular Replays
Top Player Replays
Match Explorer
How It Works
Community
CoH3 Stats
Reddit
Sign in to upload your games and track your stats! →
Sign in with Steam
Match 38094368
Unlisted
Match 38094368
Overview
Messages
Build Orders
End
Selects Italian Combined Arms Battlegroup
Selects Bersaglieri Squad
Bersaglieri Squad
250 Light Carrier
Bersaglieri Squad
Construct Light Support Kompanie
Bersaglieri Squad
2.5-tonne Medical Truck
Selects Bersaglieri Bolster
Fire Support Elements
Pak 38 Mechanized Group
Combat Half-tracks
Selects Breda Model 30 Light Machine Guns
Construct Panzerarmee Kommand
Panzer III L Medium Tank
Pak 38 Mechanized Group
Panzer III L Medium Tank
Vehicle Survival Package
Selects Semovente da 75/18 Assault Gun
Selects Strafing Run
Strafing Run
Panzer III L Medium Tank
Selects Artillery Cover
le.IG 18 Mechanized Group
Panzer III L Medium Tank
Bersaglieri Squad
Panzer III L Medium Tank
Assault Mechanized Group
2.5-tonne Medical Truck
davidj217
RustyNails
qZeto
BIOHAZARD
0
0
Comments
sign in to comment!
No comments posted yet!